 Dungeon Crawl Stone Soup version 0.27.0 (webtiles) character file.

Game seed: 5058861294225410351

147 shadowrider38 the Chopper (level 5, -2/46 HPs)
             Began as a Minotaur Berserker on July 30, 2021.
             Was a Believer of Trog.
             Slain by a water moccasin (8 damage)
             ... in a sewer.
             The game lasted 00:04:54 (2220 turns).

shadowrider38 the Chopper (Minotaur Berserker)      Turns: 2220, Time: 00:04:55

Health: -2/46      AC:  6    Str: 22    XL:     5   Next: 8%
Magic:  4/4        EV: 10    Int:  4    God:    Trog [**....]
Gold:   67         SH:  0    Dex: 10    Spells: 4/4 levels left

rFire    . . .     SeeInvis .   a - +0 hand axe
rCold    . . .     Faith    .   (no shield)
rNeg     . . .     Spirit   .   c - +0 scale mail
rPois    .         Reflect  .   (helmet restricted)
rElec    .         Harm     .   (no cloak)
rCorr    .         Rampage  .   (no gloves)
Will     .....                  (no boots)
Stlth    ..........             (no amulet)
HPRegen  0.15/turn              (no ring)
MPRegen  0.09/turn              (no ring)

@: lethally poisoned (-2 -> -33), hasted, very quick
A: horns 2, retaliatory headbutt
a: Renounce Religion, Berserk, Trog's Hand


You were in a sewer.
You worshipped Trog.
Trog was pleased with you.
You visited 1 branch of the dungeon, and saw 3 of its levels.
You also visited: Sewer.

You collected 67 gold pieces.

Inventory:

Hand Weapons
 a - a +0 hand axe (weapon)
Missiles
 f - a throwing net (quivered)
Armour
 b - a +0 animal skin
 c - a +0 scale mail (worn)
Scrolls
 d - 2 scrolls of acquirement {unknown}
 e - a scroll of teleportation {unknown}
 h - a scroll of noise {unknown}
 i - a scroll of enchant weapon {unknown}
 m - a scroll of enchant armour {unknown}
 n - a scroll of fog {unknown}
Potions
 g - a potion of heal wounds {unknown}
 j - a potion of haste
 k - a potion of might {unknown}
 l - a potion of ambrosia {unknown}
 o - a potion of brilliance {unknown}


   Skills:
 - Level 4.1 Fighting
 + Level 6.5 Axes
 - Level 2.5 Armour
 - Level 2.3 Dodging


You had 4 spell levels left.
You didn't know any spells.
Your spell library was empty.

Dungeon Overview and Level Annotations

Branches:
Dungeon (3/15)              Sewer (1/1)

Altars:


Innate Abilities, Weirdness & Mutations

You have a pair of horns on your head.
You reflexively headbutt those who attack you in melee.


Message History

Your headbutt misses the water moccasin.
You feel very sick.
The water moccasin barely misses you. x2
You hit the water moccasin but do no damage.
You feel very sick. The water moccasin bites you.
You hit the water moccasin. You headbutt the water moccasin.
The water moccasin is lightly wounded.
You feel sick. The water moccasin bites you. x2
You are more poisoned.
The water moccasin poisons you!
You slash the water moccasin!
Your headbutt misses the water moccasin.
The water moccasin is moderately wounded.
You feel very sick. The water moccasin misses you.
Okay, then.
It was a potion of haste.
You feel yourself speed up.
You feel very sick.
The water moccasin bites you but does no damage.
You slash the water moccasin!
The water moccasin is severely wounded.
You feel sick. The water moccasin bites you.
You are lethally poisoned!
The water moccasin poisons you!
You miss the water moccasin.
Your headbutt misses the water moccasin.
The water moccasin is severely wounded.
* * * LOW HITPOINT WARNING * * *
You feel very sick. The water moccasin bites you.
* * * LOW HITPOINT WARNING * * *
You are more poisoned.
The water moccasin poisons you!
You slash the water moccasin!
The water moccasin is almost dead.
* * * LOW HITPOINT WARNING * * *
You feel very sick. The water moccasin bites you!
You die...

########
###......###
###.≈........###
###..≈.≈####≈≈.@S#
##.....###
###≈≈.≈.# ≈≈....##
##≈≈..≈.# ##....≈#
≈..≈.### ###...≈.#
...##≈/ ###...≈.
..### !?# ##....
## ## ####


You could see a water moccasin.

Vanquished Creatures
  4 gnolls
  3 adders
  A dart slug (D:2)
  An orc (D:3)
  2 ball pythons (D:1)
  15 endoplasms
  3 giant cockroaches
  9 goblins
  6 hobgoblins
  13 jackals
  A frilled lizard (D:2)
  5 kobolds
  4 rats
67 creatures vanquished.

Notes
Turn   | Place    | Note
-------+----------+-------------------------------------------
     0 | D:1      | shadowrider38 the Minotaur Berserker began the quest for
                  | the Orb.
     0 | D:1      | Reached XP level 1. HP: 19/19 MP: 0/0
    14 | D:1      | Found a faded altar of an unknown god.
    26 | D:1      | Reached XP level 2. HP: 18/27 MP: 1/1
    30 | D:1      | Reached skill level 4 in Axes
   582 | D:1      | Reached XP level 3. HP: 33/33 MP: 2/2
  1173 | D:1      | Reached skill level 5 in Axes
  1444 | D:2      | Reached XP level 4. HP: 37/40 MP: 3/3
  1514 | D:2      | Reached ** piety under Trog
  1599 | D:2      | Reached skill level 6 in Axes
  1979 | D:3      | Found a glowing drain.
  2017 | D:3      | Reached XP level 5. HP: 25/46 MP: 4/4
  2151 | Sewer    | Entered a sewer
  2210 | Sewer    | Noticed a water moccasin
  2220 | Sewer    | Slain by a water moccasin

Illustrated notes

Levels and vault maps discovered:
D:1:      amcnicky_arrival_feature_with_door, layout_basic,
          chequers_ecumenical_altar_simple, minmay_misc_feat_room
D:2:      layout_rooms
D:3:      layout_basic, old_standard_altar, old_standard_altar,
          gup_sewer_entry_glass
Sewer:    sewer_the_moccasin

Skill      XL: |  1  2  3  4 |
---------------+-------------+-----
Fighting       | 4 |  4.1
Axes           | 4 5 6 |  6.5
Armour         | |  2.5
Dodging        | |  2.3

Action                   |  1- 3 |  4- 6 || total
-------------------------+-------+-------++-------
Melee: Hand axe          |    66 |    64 ||   130
       Headbutt          |    12 |     6 ||    18
  Use: Potion            |       |     1 ||     1
 Stab: Sleeping          |     1 |       ||     1
Armor: Animal skin       |     4 |       ||     4
       Scale mail        |     8 |    23 ||    31
Dodge: Dodged            |    41 |    30 ||    71
